 Dungeon Crawl Stone Soup version 0.25-a0-566-g062765be81 (webtiles) character file.

Game seed: 12694634036916991285, levelgen mode: deterministic

1430 kae the Covert (level 8, -4/52 HPs)
             Began as a Vampire Enchanter on Feb 28, 2020.
             Was a Follower of Dithmenos.
             Splashed by Pikel's acid (14 damage)
             ... on level 6 of the Dungeon.
             The game lasted 00:06:47 (5076 turns).

kae the Covert (Vampire Enchanter)                  Turns: 5076, Time: 00:06:48

Health: -4/52      AC: -2    Str:  9    XL:     8   Next: 44%
Magic:  2/14       EV: 13    Int: 19    God:    Dithmenos [*.....]
Gold:   230        SH:  2    Dex: 21    Spells: 10/16 levels left

rFire    + . .     SeeInvis +   v - +0 short sword (venom)
rCold    . . .     Gourm    .   (no shield)
rNeg     . . .     Faith    .   b - +1 robe
rPois    .         Spirit   .   (no helmet)
rElec    .         Reflect  +   p - +1 cloak
rCorr    .         Harm     .   i - +0 pair of gloves
MR       .....     Rnd*Tele +   (no boots)
Stlth    +++++.....             m - +2 amulet of reflection
HPRegen  0.37/turn              d - +6 ring of dexterity
MPRegen  0.14/turn              h - +2 ring of strength

@: corroded, very slightly contaminated, regenerating quickly, wreathed by umbra
A: no food, fangs 3, see invisible, fire resistance 1, teleportitis 1,
unbreathing
a: Exsanguinate, Renounce Religion


You were on level 6 of the Dungeon.
You worshipped Dithmenos.
Dithmenos was aware of your devotion.
You were alive.

You visited 2 branches of the dungeon, and saw 7 of its levels.
You also visited: Sewer.

You collected 230 gold pieces.

Inventory:

Hand Weapons
 a - a +1 dagger
 v - a +0 short sword of venom (weapon)
 x - a +0 vampiric short sword
Armour
 b - a +1 robe (worn)
 i - a +0 pair of gloves (worn)
 p - a +1 cloak (worn)
Jewellery
 d - a +6 ring of dexterity (left hand)
 h - a +2 ring of strength (right hand)
 l - an uncursed ring of positive energy
 m - a +2 amulet of reflection (around neck)
 o - an uncursed ring of magical power
Wands
 t - a wand of random effects (14)
Scrolls
 e - 2 scrolls of teleportation
 y - 2 scrolls of enchant armour
Potions
 g - a potion of mutation
 k - a potion of brilliance {unknown}
 n - a potion of degeneration {unknown}
 q - 3 potions of flight
 r - a potion of lignification {unknown}
 u - 2 potions of heal wounds
 w - a potion of curing


   Skills:
 * Level 7.3 Short Blades
 - Level 2.1 Dodging
 + Level 8.5 Stealth
 + Level 4.6 Spellcasting
 + Level 8.0 Hexes


You had 10 spell levels left.
You knew the following spells:

 Your Spells              Type           Power        Failure   Level  Hunger
a - Corona                Hex            ####...      1%          1    N/A
b - Ensorcelled Hibernat  Hex/Ice        ###...       3%          2    N/A
c - Confusing Touch       Hex            ####....     1%          3    N/A

Your spell library contained the following spells:

 Spells                   Type           Power        Failure   Level  Hunger
 Tukima's Dance           Hex            ####....     1%          3    N/A
 Dazzling Flash           Conj/Hex       ###...       8%          3    N/A

Dungeon Overview and Level Annotations

Branches:
Dungeon (6/15)             Temple (1/1) D:5           Sewer (visited)

Altars:
Dithmenos
Nemelex Xobeh
The Shining One

Annotations:
D:4 3 runed translucent doors, Killmatronix's ghost, novice OpHu
D:5 exclusion: phantom
D:6 Pikel


Innate Abilities, Weirdness & Mutations

You do not eat.
Your natural rate of healing is unusually fast.
You have razor-sharp teeth.
You have supernaturally acute eyesight. (SInv)
You can survive without breathing.
Your flesh is heat resistant. (rF+)
You are occasionally teleported next to monsters.


Message History

Aim: a slave (umbra, chance to defeat MR: 50%) Pikel is unaffected.
Pikel zaps a wand.
The bolt of acid hits you! The acid corrodes you!
You are splashed with acid!
Casting: Ensorcelled Hibernation (safe; 3% risk of failure)
Confirm with . or Enter, or press ? or * to list all spells.
Aiming: Ensorcelled Hibernation (safe; 3% risk of failure)
Press: ? - help, Shift-Dir - straight line, f/p - slave
Aim: a slave (umbra, chance to defeat MR: 50%) Pikel is unaffected.
Pikel barely misses you.
Casting: Ensorcelled Hibernation (safe; 3% risk of failure)
Confirm with . or Enter, or press ? or * to list all spells.
Aiming: Ensorcelled Hibernation (safe; 3% risk of failure)
Press: ? - help, Shift-Dir - straight line, f/p - slave
Aim: a slave (umbra, chance to defeat MR: 50%)
You miscast Ensorcelled Hibernation.
You are very lightly contaminated with residual magic.
Your skin tingles.
Pikel zaps a wand.
The bolt of acid hits you!
* * * LOW HITPOINT WARNING * * *
The acid corrodes you!
You are splashed with acid!
You die...

#..# .# ##..####......##
.# #..##..........# ##..##
#..#.[.........# ###.....#
#.##...........# ###...#
#.##...........# ###...###
##.##...........####...###
#...............##pp.###
#...............@Kp###
#.......)........###
##.##...)......###
#.##..........#
#####....)....#
##.......## ##.....##
##...## #.###


You could see Pikel and 3 slaves.

Vanquished Creatures
  Grinder (Sewer)
  A sky beast (D:5)
  A slave (D:6)
  2 phantoms
  A big kobold (Sewer)
  A gnoll sergeant (D:3)
  A scorpion (D:5)
  A wight (Sewer)
  A howler monkey (D:5)
  A crimson imp (D:5)
  An orc priest (D:5)
  3 hounds
  3 iguanas
  4 orc wizards
  2 worker ants
  A big kobold zombie (Sewer)
  A hound zombie (D:5)
  A howler monkey zombie (D:5)
  6 gnolls
  9 adders
  An ooze (Sewer)
  3 ufetubi (Sewer)
  2 worms (D:2)
  7 dart slugs
  4 leopard geckos
  9 orcs
  5 ball pythons
  4 bats
  3 giant cockroaches
  3 goblins
  4 hobgoblins
  4 jackals (D:3)
  24 kobolds
  3 frilled lizards (D:2)
  3 kobold zombies (Sewer)
  4 rats
125 creatures vanquished.

Vanquished Creatures (others)
  An orc (D:5)
1 creature vanquished.

Grand Total: 126 creatures vanquished

Notes
Turn   | Place    | Note
-------+----------+-------------------------------------------
     0 | D:1      | kae the Vampire Enchanter began the quest for the Orb.
     0 | D:1      | Reached XP level 1. HP: 13/13 MP: 3/3
   142 | D:1      | Reached XP level 2. HP: 12/19 MP: 3/5
   509 | D:2      | Reached XP level 3. HP: 24/24 MP: 6/6
   565 | D:2      | Reached skill level 5 in Stealth
   664 | D:2      | Learned a level 3 spell: Confusing Touch
   701 | D:2      | Learned a level 2 spell: Ensorcelled Hibernation
   925 | D:2      | Reached skill level 5 in Hexes
  1186 | D:2      | Reached XP level 4. HP: 25/30 MP: 4/7
  2339 | D:3      | Noticed a gnoll sergeant
  2346 | D:3      | Gained mutation: You are occasionally teleported next to
                  | monsters. [potion of mutation]
  2346 | D:3      | Gained mutation: Your flesh is heat resistant. (rF+)
                  | [potion of mutation]
  2357 | D:3      | Reached XP level 5. HP: 34/35 MP: 7/9
  2459 | D:3      | Found a glowing golden altar of the Shining One.
  2932 | D:4      | Reached XP level 6. HP: 41/41 MP: 10/10
  3375 | D:4      | Found a sparkling altar of Nemelex Xobeh.
  3417 | D:4      | Found a runed translucent gate.
  3418 | D:4      | Found a runed translucent gate.
  3418 | D:4      | Found a runed translucent gate.
  3420 | D:4      | Noticed Killmatronix's ghost (novice OpHu)
  3649 | D:5      | Entered Level 5 of the Dungeon
  3652 | D:5      | Noticed a sky beast
  3664 | D:5      | Killed a sky beast
  3672 | D:5      | Reached skill level 5 in Short Blades
  3733 | D:5      | Found a staircase to the Ecumenical Temple.
  3778 | D:5      | Found a shadowy altar of Dithmenos.
  3797 | Temple   | Entered the Ecumenical Temple
  3827 | D:5      | Became a worshipper of Dithmenos the Shadowed
  3874 | D:5      | Reached XP level 7. HP: 46/46 MP: 12/12
  4045 | D:5      | Found a glowing drain.
  4058 | Sewer    | Entered a sewer
  4128 | Sewer    | Noticed Grinder
  4129 | Sewer    | Killed Grinder
  4150 | Sewer    | Found an ancient bone altar of Kikubaaqudgha.
  4180 | Sewer    | Reached * piety under Dithmenos
  4238 | Sewer    | Reached XP level 8. HP: 33/52 MP: 14/14
  5041 | D:6      | Noticed Pikel
  5076 | D:6      | Splashed by Pikel's acid

Levels and vault maps discovered:
D:1:      wander_arrival_desolate, layout_rooms
D:2:      layout_basic, first_ration, palyth_stone_intersect
D:3:      layout_basic, old_standard_altar
D:4:      layout_basic, kennysheep_mini_moat, gammafunk_ghost_necromancy
D:5:      wander_river, layout_gridville, grunt_dithmenos_smoke,
          minmay_temple_entry_wispy, portal_sewer_entry_d
D:6:      layout_cave_pods, vehumet_crystals, old_standard_altar,
          lemuel_zombie_altar_kikubaaqudgha, kennysheep_flooded_box,
          uniq_eustachio, uniq_pikel, uniq_prince_ribbit1
Temple:   grunt_temple_mini_profane

Skill      XL: |  1  2  3  4  5  6  7  8 |
---------------+-------------------------+-----
Short Blades   | 2 3 4 5 6 7 |  7.3
Stealth        | 5 6 7 8 |  8.5
Hexes          | 5 6 7 8 |  8.0
Spellcasting   | 3 4 |  4.6
Dodging        | |  2.1

Action                   |  1- 3 |  4- 6 |  7- 9 || total
-------------------------+-------+-------+-------++-------
Melee: Dagger            |   123 |   125 |    72 ||   320
       Bite              |    12 |    12 |    20 ||    44
       Short sword       |       |       |   147 ||   147
 Cast: Corona            |    10 |       |       ||    10
       Ensorcelled Hiber |     6 |    18 |    20 ||    44
       Confusing Touch   |       |     1 |     3 ||     4
  Use: Potion            |       |     6 |       ||     6
       Scroll            |       |     7 |     3 ||    10
 Stab: Sleeping          |    14 |    20 |    18 ||    52
       Invisible         |       |     5 |       ||     5
       Confused          |       |     1 |     5 ||     6
Armor: Robe              |    24 |    23 |    40 ||    87
Dodge: Dodged            |    83 |    75 |   169 ||   327
Block: Other             |       |       |     2 ||     2

Table legend:
 A = Non-vault XP
 B = Vault XP
 C = Vault XP percentage of total XP
 D = Non-vault monster count
 E = Vault monster count
 F = Vault count percentage of total count
                 A         B        C        D         E       F
            +---------+---------+-------+---------+---------+-------
      Total |    1358 |     685 |  33.5 |      89 |      36 |  28.8
            +---------+---------+-------+---------+---------+-------
        D:1 |      15 |       0 |   0.0 |       7 |       0 |   0.0
        D:2 |      94 |       0 |   0.0 |      26 |       0 |   0.0
        D:3 |     203 |       0 |   0.0 |      21 |       0 |   0.0
        D:4 |     175 |       0 |   0.0 |      10 |       0 |   0.0
        D:5 |     792 |      14 |   1.7 |      21 |       1 |   4.5
        D:6 |      79 |       0 |   0.0 |       4 |       0 |   0.0
      Sewer |       0 |     671 | 100.0 |       0 |      35 | 100.0
            +---------+---------+-------+---------+---------+-------
